TOP OF THE 1ST |
Birmingham Steeldogs batting - Pitching for Maui Tropics : LHP Kent Robinson
|
Pitching: LHP Kent Robinson
|
|
Batting: RHB Nick Webb
|
0-0: Ball 1-0: Ball 2-0: Fly out, F4 (Line Drive, 4M)
|
Batting: RHB Sixto Vélez
|
0-0: Ball 1-0: Called Strike 1-1: Ball 2-1: SINGLE (Flyball, 9S)
|
Batting: LHB José Hernández
|
0-0: Foul Ball, location: 2F 0-1: Fielders Choice at 2nd, 1-6 (Groundball, 13S)
|
Batting: RHB Valentín Borges
|
0-0: Called Strike 0-1: Ball 1-1: Called Strike 1-2: Ball 2-2: Ground out 3-1 (Groundball, 34S)
|
Top of the 1st over - 0 run(s), 1 hit(s), 0 error(s), 1 left on base; Birmingham 0 - Maui 0 |
BOTTOM OF THE 1ST |
Maui Tropics batting - Pitching for Birmingham Steeldogs : RHP Barton Johnson
|
Pitching: RHP Barton Johnson
|
|
Batting: LHB Mario Olivares
|
0-0: Called Strike 0-1: Ball 1-1: Ground out 4-3 (Groundball, 4)
|
Batting: RHB Matt Silver
|
0-0: Foul Ball, location: 2F 0-1: Ball 1-1: Ball 2-1: Foul Ball, location: 2F 2-2: Ground out 5-3 (Groundball, 56)
|
Batting: RHB Luis Alou
|
0-0: Called Strike 0-1: Foul Ball, location: 2F 0-2: Ball 1-2: Strikes out swinging
|
Bottom of the 1st over - 0 run(s), 0 hit(s), 0 error(s), 0 left on base; Birmingham 0 - Maui 0 |
TOP OF THE 2ND |
Birmingham Steeldogs batting - Pitching for Maui Tropics : LHP Kent Robinson
|
Batting: LHB Chris Miller
|
0-0: Ball 1-0: Called Strike 1-1: Ball 2-1: Foul Ball, location: 2F 2-2: Ball 3-2: Base on Balls
|
Batting: LHB José Rivera
|
0-0: Called Strike 0-1: Ball 1-1: Foul Ball, location: 2F 1-2: Fly out, F4 (Line Drive, 34)
|
Batting: RHB Eric Johnson
|
0-0: Ball 1-0: Called Strike 1-1: Ball 2-1: Swinging Strike 2-2: Foul Ball, location: 2F 2-2: Foul Ball, location: 2F 2-2: Strikes out swinging
|
Batting: SHB Orlando Aguilar
|
0-0: Ball 1-0: Fielders Choice at 2nd, 5-4 (Groundball, 5)
|
Top of the 2nd over - 0 run(s), 0 hit(s), 0 error(s), 0 left on base; Birmingham 0 - Maui 0 |
BOTTOM OF THE 2ND |
Maui Tropics batting - Pitching for Birmingham Steeldogs : RHP Barton Johnson
|
Batting: RHB José Herrera
|
0-0: Called Strike 0-1: Ball 1-1: Ball 2-1: Ball 3-1: Called Strike 3-2: Fly out, F8 (Flyball, 89XD)
|
Batting: LHB Luis Antonio Torres
|
0-0: Called Strike 0-1: Swinging Strike 0-2: Ball 1-2: Ball 2-2: SOLO HOME RUN (Flyball, 7D), Distance : 352 ft
|
Batting: LHB José Rivas
|
0-0: Called Strike 0-1: Called Strike 0-2: Ball 1-2: Foul Ball, location: 2F 1-2: Ball 2-2: Ball 3-2: Foul Ball, location: 2F 3-2: Strikes out swinging
|
Batting: RHB Ximena Campos
|
0-0: Ball 1-0: Ball 2-0: Ball 3-0: Fly out, F9 (Flyball, 9LS)
|
Bottom of the 2nd over - 1 run(s), 1 hit(s), 0 error(s), 0 left on base; Birmingham 0 - Maui 1 |
TOP OF THE 3RD |
Birmingham Steeldogs batting - Pitching for Maui Tropics : LHP Kent Robinson
|
Batting: LHB John Haney
|
0-0: Ball 1-0: Reached on error, E2 (Groundball, 2L)
|
Batting: RHB Nick Webb
|
0-0: Ball 1-0: Swinging Strike 1-1: Ball 2-1: Ball 3-1: Foul Ball, location: 2F 3-2: Foul Ball, location: 2F 3-2: Fly out, F9 (Flyball, 89S)
|
Batting: RHB Sixto Vélez
|
0-0: Fly out, F4 (Popup, 4)
|
Batting: LHB José Hernández
|
0-0: Ball 1-0: Ground out U3 (Groundball, 3)
|
Top of the 3rd over - 0 run(s), 0 hit(s), 1 error(s), 1 left on base; Birmingham 0 - Maui 1 |
BOTTOM OF THE 3RD |
Maui Tropics batting - Pitching for Birmingham Steeldogs : RHP Barton Johnson
|
Batting: LHB Mike Pearson
|
0-0: Fly out, F7 (Flyball, 7LS)
|
Batting: RHB David Moran
|
0-0: Foul Ball, location: 2F 0-1: Foul Ball, location: 2F 0-2: Ball 1-2: SINGLE (Line Drive, 7LM)
|
Batting: LHB Mario Olivares
|
0-0: Ball 1-0: Fly out, F7 (Line Drive, 7D)
|
Batting: RHB Matt Silver
|
0-0: Called Strike 0-1: SINGLE (Line Drive, 56D) David Moran to second
|
Batting: RHB Luis Alou
|
0-0: Ball 1-0: SINGLE (Groundball, 6D) David Moran to third Matt Silver to second Runner from 3rd tries for Home, SAFE, no throw
|
Batting: RHB José Herrera
|
0-0: Ball 1-0: Ball 2-0: Ball 3-0: Called Strike 3-1: 3-RUN HOME RUN (Flyball, 8LXD), Distance : 426 ft
|
Batting: LHB Luis Antonio Torres
|
0-0: Ball 1-0: SINGLE (Groundball, 56D)
|
Batting: LHB José Rivas
|
0-0: Ball Wild Pitch! Luis Antonio Torres to second 1-0: Ground out 4-3 (Groundball, 34)
|
Bottom of the 3rd over - 4 run(s), 5 hit(s), 0 error(s), 1 left on base; Birmingham 0 - Maui 5 |
TOP OF THE 4TH |
Birmingham Steeldogs batting - Pitching for Maui Tropics : LHP Kent Robinson
|
Batting: RHB Valentín Borges
|
0-0: Fly out, F8 (Flyball, 89M)
|
Batting: LHB Chris Miller
|
0-0: Called Strike 0-1: Swinging Strike 0-2: SINGLE (Line Drive, 56)
|
Batting: LHB José Rivera
|
0-0: Foul Ball, location: 2F 0-1: SINGLE (Groundball, 34D) Chris Miller to second Runner from 2nd tries for 3rd, SAFE, throw made to third José Rivera to second
|
Batting: RHB Eric Johnson
|
0-0: Called Strike 0-1: Ball 1-1: Foul Ball, location: 2F 1-2: Strikes out swinging
|
Batting: SHB Orlando Aguilar
|
0-0: Fly out, F6 (Popup, 6D)
|
Top of the 4th over - 0 run(s), 2 hit(s), 0 error(s), 2 left on base; Birmingham 0 - Maui 5 |
BOTTOM OF THE 4TH |
Maui Tropics batting - Pitching for Birmingham Steeldogs : RHP Barton Johnson
|
Batting: RHB Ximena Campos
|
0-0: Ball 1-0: Called Strike 1-1: Swinging Strike 1-2: Ball 2-2: Strikes out swinging
|
Batting: LHB Mike Pearson
|
0-0: Fly out, F2 (Popup, 5S)
|
Batting: RHB David Moran
|
0-0: Ball 1-0: DOUBLE (Line Drive, 9LD)
|
Batting: LHB Mario Olivares
|
0-0: Ball 1-0: Ball 2-0: Ball 3-0: Called Strike 3-1: Called Strike 3-2: Strikes out swinging
|
Bottom of the 4th over - 0 run(s), 1 hit(s), 0 error(s), 1 left on base; Birmingham 0 - Maui 5 |
TOP OF THE 5TH |
Birmingham Steeldogs batting - Pitching for Maui Tropics : LHP Kent Robinson
|
Batting: LHB John Haney
|
0-0: Foul Ball, location: 2F 0-1: Ball 1-1: Foul Ball, location: 2F 1-2: Strikes out swinging
|
Batting: RHB Nick Webb
|
0-0: Called Strike 0-1: Ground out 1-3 (Groundball, P)
|
Batting: RHB Sixto Vélez
|
0-0: Ground out 5-3 (Groundball, 56S)
|
Top of the 5th over - 0 run(s), 0 hit(s), 0 error(s), 0 left on base; Birmingham 0 - Maui 5 |
BOTTOM OF THE 5TH |
Maui Tropics batting - Pitching for Birmingham Steeldogs : RHP Barton Johnson
|
Pitching: RHP Michel Dallaire
|
|
Batting: RHB Matt Silver
|
0-0: Ball 1-0: Ball 2-0: Called Strike 2-1: DOUBLE (Line Drive, 78D)
|
Batting: RHB Luis Alou
|
0-0: Ball 1-0: 2-RUN HOME RUN (Flyball, 7LD), Distance : 346 ft
|
Batting: RHB José Herrera
|
0-0: Ball 1-0: Ball 2-0: Foul Ball, location: 2F 2-1: Ball 3-1: Foul Ball, location: 2F 3-2: Ground out 6-3 (Groundball, 6)
|
Batting: LHB Luis Antonio Torres
|
0-0: SINGLE (Groundball, 6MD)
|
Batting: LHB José Rivas
|
0-0: Ball 1-0: Called Strike 1-1: Grounds into double play, 4-6-3 (Groundball, 4)
|
Bottom of the 5th over - 2 run(s), 3 hit(s), 0 error(s), 0 left on base; Birmingham 0 - Maui 7 |
TOP OF THE 6TH |
Birmingham Steeldogs batting - Pitching for Maui Tropics : LHP Kent Robinson
|
Batting: LHB José Hernández
|
0-0: Foul Ball, location: 2F 0-1: Ball 1-1: Called Strike 1-2: DOUBLE (Flyball, 7LM)
|
Batting: RHB Valentín Borges
|
0-0: Ground out 6-3 (Groundball, 6)
|
Batting: LHB Chris Miller
|
0-0: Ball 1-0: Foul Ball, location: 2F 1-1: Ball 2-1: SINGLE (Line Drive, 9S) José Hernández to third Runner from 3rd tries for Home, SAFE, throw made home Chris Miller to second
|
Batting: LHB José Rivera
|
0-0: Ball 1-0: Called Strike 1-1: Called Strike 1-2: Ball 2-2: Ball 3-2: Strikes out looking
|
Batting: RHB Eric Johnson
|
0-0: Foul Ball, location: 2F 0-1: Ball 1-1: Ground out 4-3 (Groundball, 34D)
|
Top of the 6th over - 1 run(s), 2 hit(s), 0 error(s), 1 left on base; Birmingham 1 - Maui 7 |
BOTTOM OF THE 6TH |
Maui Tropics batting - Pitching for Birmingham Steeldogs : RHP Michel Dallaire
|
Batting: RHB Ximena Campos
|
0-0: Fly out, F4 (Line Drive, 4)
|
Batting: LHB Mike Pearson
|
0-0: Ball 1-0: Ball 2-0: Ball 3-0: Called Strike 3-1: Base on Balls
|
Batting: RHB David Moran
|
0-0: Called Strike Mike Pearson steals 2nd base 0-1: Ball 1-1: Ball 2-1: Ball 3-1: Base on Balls
|
Batting: LHB Mario Olivares
|
0-0: Fly out, F8 (Flyball, 8LM)
|
Batting: RHB Matt Silver
|
0-0: Called Strike 0-1: Fly out, F7 (Flyball, 78S)
|
Bottom of the 6th over - 0 run(s), 0 hit(s), 0 error(s), 2 left on base; Birmingham 1 - Maui 7 |
TOP OF THE 7TH |
Birmingham Steeldogs batting - Pitching for Maui Tropics : LHP Kent Robinson
|
Batting: SHB Orlando Aguilar
|
0-0: Foul Ball, location: 2F 0-1: Ball 1-1: Ball 2-1: Foul Ball, location: 2F 2-2: Strikes out swinging
|
Batting: LHB John Haney
|
0-0: Ball 1-0: Foul Ball, location: 2F 1-1: Swinging Strike 1-2: Strikes out swinging
|
Batting: RHB Nick Webb
|
0-0: Foul Ball, location: 2F 0-1: Ball 1-1: Foul Ball, location: 2F 1-2: Ball 2-2: SINGLE (Groundball, 6MD)
|
Batting: RHB Sixto Vélez
|
0-0: Ball 1-0: Foul Ball, location: 2F 1-1: Swinging Strike 1-2: Ball 2-2: SINGLE (Flyball, 9S) Nick Webb to second Throwing error, E9 Nick Webb scores Sixto Vélez to second
|
Batting: LHB José Hernández
|
0-0: Called Strike 0-1: Ball 1-1: Ground out 3-1 (Groundball, 34S)
|
Top of the 7th over - 1 run(s), 2 hit(s), 1 error(s), 1 left on base; Birmingham 2 - Maui 7 |
BOTTOM OF THE 7TH |
Maui Tropics batting - Pitching for Birmingham Steeldogs : RHP Michel Dallaire
|
Pitching: RHP Craig Draper
|
|
Batting: RHB Luis Alou
|
0-0: Ball 1-0: Called Strike 1-1: Ground out 5-3 (Groundball, 56)
|
Batting: RHB José Herrera
|
0-0: Ball 1-0: Swinging Strike 1-1: Foul Ball, location: 2F 1-2: Ball 2-2: Fly out, F7 (Flyball, 78M)
|
Batting: LHB Luis Antonio Torres
|
0-0: Ball 1-0: Ball 2-0: Called Strike 2-1: Swinging Strike 2-2: Ball 3-2: Strikes out swinging
|
Bottom of the 7th over - 0 run(s), 0 hit(s), 0 error(s), 0 left on base; Birmingham 2 - Maui 7 |
TOP OF THE 8TH |
Birmingham Steeldogs batting - Pitching for Maui Tropics : LHP Kent Robinson
|
Pitching: RHP Yong-taek Yi
|
|
Batting: RHB Valentín Borges
|
0-0: Fly out, F7 (Flyball, 78S)
|
Batting: LHB Chris Miller
|
0-0: Fly out, F8 (Flyball, 8LM)
|
Batting: LHB José Rivera
|
0-0: Ball 1-0: Ball 2-0: Fly out, F9 (Flyball, 9S)
|
Top of the 8th over - 0 run(s), 0 hit(s), 0 error(s), 0 left on base; Birmingham 2 - Maui 7 |
BOTTOM OF THE 8TH |
Maui Tropics batting - Pitching for Birmingham Steeldogs : RHP Craig Draper
|
Batting: LHB José Rivas
|
0-0: Called Strike 0-1: Swinging Strike 0-2: Foul Ball, location: 2F 0-2: Foul Ball, location: 2F 0-2: Ball 1-2: Ball 2-2: Foul Ball, location: 2F 2-2: Foul Ball, location: 2F 2-2: Strikes out looking
|
Batting: RHB Ximena Campos
|
0-0: Ground out 4-3 (Groundball, 4M)
|
Batting: LHB Mike Pearson
|
0-0: Called Strike 0-1: Foul Ball, location: 2F 0-2: Ball 1-2: Ball 2-2: Foul Ball, location: 2F 2-2: Fly out, F8 (Flyball, 8LD)
|
Bottom of the 8th over - 0 run(s), 0 hit(s), 0 error(s), 0 left on base; Birmingham 2 - Maui 7 |
TOP OF THE 9TH |
Birmingham Steeldogs batting - Pitching for Maui Tropics : RHP Yong-taek Yi
|
Now at 3B: Javier Espinoza
|
|
Batting: RHB Eric Johnson
|
0-0: Ball 1-0: Called Strike 1-1: SINGLE (Groundball, 6MD)
|
Batting: SHB Orlando Aguilar
|
0-0: Called Strike 0-1: Foul Ball, location: 2F 0-2: Grounds into double play, 1-4-3 (Groundball, 15S)
|
Batting: LHB John Haney
|
0-0: Foul Ball, location: 2F 0-1: Ball 1-1: Swinging Strike 1-2: SOLO HOME RUN (Line Drive, 89XD), Distance : 386 ft
|
Batting: RHB Nick Webb
|
0-0: Foul Ball, location: 2F 0-1: Ball 1-1: Swinging Strike 1-2: Ball 2-2: Foul Ball, location: 2F 2-2: Foul Ball, location: 2F 2-2: Strikes out swinging
|
Top of the 9th over - 1 run(s), 2 hit(s), 0 error(s), 0 left on base; Birmingham 3 - Maui 7 |
|